 BcadrenCrawl: Boulder Brew version 0.03.3.1-25-g7b9318e587 (webtiles) character file.

Game seed: 12467139119697725243, levelgen mode: deterministic

7030 theanonym the Carver (level 10, -5/96 (97) HPs) Minotaur Gladiator. Began on Mar 17, 2021. Was a Believer of Makhleb. Slain by an unseen horror (9 damage) ... on level 6 of the Dungeon. The game lasted 00:14:54 (5868 turns).

theanonym the Carver (Minotaur Gladiator)           Turns: 5868, Time: 00:14:54

HP:   -5/96 (97)    AC:  9    Str: 21    XL:     10 ^: 928
MP:   10/10         EV: 11    Int:  5    God:    Makhleb [2* [63]]
Gold: 276           SH:  0    Dex: 13    Spells: 9/9 levels left

rFire    . . .     Vision   .   B - +0 long sword
rCold    . . .     Gourm    .   a - +5 scimitar
rNeg     + . .     Faith    .   o - +0 chain mail
rPois    +         Spirit   .   c - +0 hat
rElec    .         Reflect  .   (no cloak)
rCorr    .         Harm     .   (no gloves)
MR       .....                  (no boots)
Stlth    ..........             (no amulet)
HPRegen  0.42/turn              h - ring of poison resistance
MPRegen  0.20/turn              b - ring of positive energy

@: studying Polearms
A: retaliatory headbutt, horns 2
a: Minor Destruction, Renounce Religion


You were on level 6 of the Dungeon.
You worshipped Makhleb.
Makhleb was pleased with you.
You were not hungry.

You visited 2 branches of the dungeon, and saw 7 of its levels.

You collected 276 gold pieces.

Inventory:

Weapons
 a - a +5 scimitar (weapon)
 B - a +0 long sword (weapon)
Armour
 c - a +0 hat (worn)
 o - a +0 chain mail (worn)
Jewellery
 b - a ring of positive energy (right hand)
 h - a ring of poison resistance (left hand)
 y - a cursed amulet of faith {(Curse: Str-5)}
 A - an uncursed ring of intelligence
Wands
 d - a wand of ensnaring (5)
 p - a wand of disintegration (4)
 q - a wand of acid
 r - a wand of clouds
 v - a wand of flame (2)
 z - a wand of iceblast (1)
 D - a wand of enslavement (7)
Scrolls
 i - 2 scrolls of magic mapping
 j - 2 scrolls of fear
 s - a scroll of bless item
 t - a scroll of blinking
 u - a scroll of fog
 F - a scroll of enchantment
Potions
 e - a potion of berserk rage
 g - 5 potions of curing
 k - a potion of might
 l - 3 potions of haste
 m - 3 potions of heal wounds
 n - a potion of brilliance
 w - a potion of cancellation
 x - 4 potions of mutation
 C - a potion of invisibility
Comestibles
 f - 8 rations
 E - a chunk of flesh


   Skills:
 + Level 12.2 Fighting
 * Level 14.4 Long Blades
 + Level 5.0 Armour
 + Level 3.7 Dodging
 - Level 1.7 Evocations


You had 9 spell levels left.
You didn't know any spells.
Your spell library was empty.

Dungeon Overview and Level Annotations

Branches:
Dungeon (6/8)              Temple (1/1) D:4            Lair (0/6) D:5
    Orc: D:6

Altars:
Ashenzari
Cheibriados
Dithmenos
Elyvilon
Fedhas Madash
Gozag Ym Sagoz
Hepliaklqana
Kikubaaqudgha
Makhleb
Okawaru
Ru
Sif Muna
Uskayaw
Vehumet
Wu Jian
Xom
Yredelemnul
Zin
The Shining One


Innate Abilities, Weirdness & Mutations

You reflexively headbutt those who attack you in melee.
You have a pair of horns on your head.


Message History

You slash the wolf spider simulacrum (9)!
The wolf spider simulacrum is moderately damaged. (24/33) HP Something hits you but does no damage.
The wolf spider simulacrum hits you (8)!
The wolf spider simulacrum freezes you (17)!
The wolf spider simulacrum bites you but does no damage.
The worker ant barely misses you (0).
You hear an incomprehensible gibbering.
The wolf spider simulacrum hits you but does no damage.
The wolf spider simulacrum bites you but does no damage.
Something hits you (4). Something hits you but does no damage.
The wolf spider simulacrum hits you (4).
The wolf spider simulacrum freezes you (29)!!
The wolf spider simulacrum bites you (1).
The wolf spider simulacrum freezes you (31)!!
* * * LOW HITPOINT WARNING * * *
You hear an incomprehensible gibbering.
Something hits you (9)!
You die...

..#
#####..###
###.#......
........###
......#$...
#...S......
##.....#..#
#@..a...#.#
#..Z......#
#....)......
#.#####.####
#.# .[ #.#
.# #.# ..
#.# # #Z


You could see a worker ant, an adder and a wolf spider simulacrum.

Vanquished Creatures
  A two-headed ogre (D:5)
  A hippogriff (D:5)
  A hungry ghost (D:5)
  Edmund (D:3)
  A wolf spider zombie (D:4)
  2 orc warriors
  A necrophage (D:5)
  5 porcupines
  4 scorpions
  2 phantoms
  7 ice beasts
  3 sky beasts
  An eye of draining (D:5)
  6 ogres
  3 big kobolds
  6 bullfrogs
  3 gnoll sergeants
  5 howler monkeys
  4 killer bees (D:5)
  8 wights (D:5)
  2 crimson imps (D:4)
  3 orc priests (D:4)
  4 hounds
  3 jellies (D:2)
  8 orc wizards
  2 iguanas
  2 wyvern zombies
  6 worker ants
  A wyvern skeleton (D:4)
  5 giant cockroaches
  3 bullfrog skeletons (D:4)
  A shadow imp (D:4)
  12 adders
  19 gnolls
  23 sewer rats (D:2)
  3 worms
  7 cinder newts
  An ooze (D:2)
  A worker ant zombie (D:3)
  9 leopard geckos
  24 orcs
  An adder zombie (D:5)
  5 ball pythons (D:2)
  5 bats
  2 cinder newt skeletons (D:2)
  2 gnoll zombies (D:2)
  5 goblins (D:1)
  5 hobgoblins (D:1)
  7 jackals (D:5)
  3 quokkas
  A bat skeleton (D:2)
  A goblin skeleton (D:2)
  15 kobolds
  An orc skeleton (D:2)
  2 rats (D:1)
  A rat skeleton (D:2)
260 creatures vanquished.

Vanquished Creatures (others)
  A giant cockroach (D:2)
  A sewer rat (D:2)
  2 bats (D:2)
  2 bushes (D:1)
  5 butterflies (D:5)
  44 withered plants (D:2)
55 creatures vanquished.

Grand Total: 315 creatures vanquished

Notes
Turn   | Place    | Note
-------+----------+-------------------------------------------
     0 | D:1      | theanonym the Minotaur Gladiator began the quest for the
                  | Orb.
     0 | D:1      | Reached XP level 1. HP: 18/18 MP: 1/1
    98 | D:1      | Reached skill level 4 in Long Blades
   117 | D:2      | Found a snail-covered altar of Cheibriados.
   121 | D:2      | Reached XP level 2. HP: 25/25 MP: 2/2
   125 | D:2      | Reached skill level 5 in Long Blades
   125 | D:2      | Reached XP level 3. HP: 27/30 MP: 3/3
   199 | D:2      | Reached XP level 4. HP: 37/37 MP: 4/4
   205 | D:2      | Reached skill level 6 in Long Blades
   245 | D:2      | Noticed a big kobold
   264 | D:2      | Killed a big kobold
   264 | D:2      | Reached XP level 5. HP: 19/45 MP: 5/5
   392 | D:2      | Reached skill level 7 in Long Blades
   427 | D:2      | Reached XP level 6. HP: 27/51 MP: 6/6
   654 | D:2      | Found a basalt altar of Yredelemnul.
   730 | D:2      | Reached skill level 8 in Long Blades
  1243 | D:2      | Reached skill level 9 in Long Blades
  1243 | D:2      | Reached XP level 7. HP: 59/59 MP: 7/7
  2271 | D:3      | Reached skill level 10 in Long Blades
  2385 | D:3      | Reached XP level 8. HP: 47/67 MP: 8/8
  2431 | D:3      | Noticed Edmund
  2439 | D:3      | Killed Edmund
  2439 | D:3      | Reached skill level 5 in Fighting
  2439 | D:3      | Reached skill level 11 in Long Blades
  2554 | D:3      | Reached skill level 12 in Long Blades
  3103 | D:4      | Reached XP level 9. HP: 45/75 MP: 9/9
  3115 | D:4      | Reached skill level 13 in Long Blades
  3933 | D:4      | Reached skill level 14 in Long Blades
  4478 | D:4      | Found a staircase to the Ecumenical Temple.
  4622 | Temple   | Entered the Ecumenical Temple
  4765 | Temple   | Became a worshipper of Makhleb the Destroyer
  4863 | D:5      | Entered Level 5 of the Dungeon
  4895 | D:5      | Noticed a two-headed ogre
  4907 | D:5      | Killed a two-headed ogre
  4907 | D:5      | Reached skill level 10 in Fighting
  4907 | D:5      | Reached XP level 10. HP: 93/93 MP: 10/10
  4934 | D:5      | Reached skill level 1 in Armour
  5166 | D:5      | Found a shimmering blue altar of Sif Muna.
  5290 | D:5      | Reached * piety under Makhleb
  5555 | D:5      | Reached ** piety under Makhleb
  5590 | D:5      | Found a staircase to the Lair.
  5864 | D:6      | Reached skill level 5 in Armour
  5867 | D:6      | HP: 3/96 [wolf spider simulacrum (31)]
  5868 | D:6      | Slain by an unseen horror

Levels and vault maps discovered:
D:1:      wander_arrival_desolate, layout_loops_ring, serial_forest,
          infiniplex_forest_lined_4_way, infiniplex_forest_end_3,
          infiniplex_forest_corner_1, infiniplex_forest_clump_small
D:2:      layout_sewer, lemuel_zombie_altar_yredelemnul, first_ration,
          basic_altar
D:3:      layout_loops_ring, uniq_edmund
D:4:      layout_roguey, temple_hall
D:5:      layout_basic, tgw_sif, lair_entry_dummy
D:6:      layout_loops_ring, nemelex_xobeh_ov_fountains_minmay,
          hiddenorc1_lemuel, grunt_pizzeria
Temple:   regret_index_temple_sphere_string

Skill      XL: |  1  2  3  4  5  6  7  8  9 10 |
---------------+-------------------------------+-----
Long Blades    | 4 5 6 7 9 10 12 14 | 14.4
Fighting       | 3 4 6 10 12 | 12.2
Armour         | 5 |  5.0
Dodging        | |  3.7
Evocations     | |  1.7

Action                   |  1- 3 |  4- 6 |  7- 9 | 10-12 || total
-------------------------+-------+-------+-------+-------++-------
Melee: Long sword        |    19 |    83 |   226 |   113 ||   441
       Unarmed           |    14 |    48 |   143 |    44 ||   249
       Headbutt          |       |    10 |    49 |    16 ||    75
       Scimitar          |       |       |       |    31 ||    31
Evoke: Wand              |       |     3 |     3 |     3 ||     9
  Use: Scroll            |       |       |       |     1 ||     1
 Stab: Held in net/web   |       |     1 |     1 |       ||     2
       Confused          |       |       |     1 |       ||     1
  Eat: Chunk             |       |     1 |    12 |     4 ||    17
Armor: Leather armour    |     1 |    14 |       |       ||    15
       Ring mail         |       |     5 |     9 |       ||    14
       Chain mail        |       |       |    52 |    35 ||    87
Dodge: Dodged            |    21 |    61 |    86 |    44 ||   212
       Rpst.: Long sword |     9 |    22 |    22 |     9 ||    62
       Scimitar          |       |       |       |     4 ||     4
